 Dungeon Crawl Stone Soup version 0.22.0-1-g6561e4c (webtiles) character file.

142 Gergoth the Skirmisher (level 5, -2/48 HPs)
             Began as a Hill Orc Fighter on Aug 12, 2018.
             Slain by a centaur (4 damage)
             ... on level 5 of the Dungeon.
             The game lasted 00:01:51 (1250 turns).

Gergoth the Skirmisher (Hill Orc Fighter)           Turns: 1250, Time: 00:01:52

Health: -2/48      AC:  6    Str: 20    XL:     5   Next: 25%
Magic:  5/5        EV:  7    Int:  8    God:
Gold:   141        SH:  9    Dex: 10    Spells: 4/4 levels left

rFire    . . .     SeeInvis .   a - +0 war axe
rCold    . . .     Gourm    .   c - +0 shield
rNeg     . . .     Faith    .   b - +0 scale mail
rPois    .         Spirit   .   (no helmet)
rElec    .         Reflect  .   (no cloak)
rCorr    .         Harm     .   (no gloves)
MR       .....                  (no boots)
Stlth    ..........             (no amulet)
HPRegen  0.16/turn              (no ring)
MPRegen  0.09/turn              (no ring)

@: no status effects
A: no striking features
a: no special abilities


You were on level 5 of the Dungeon.
You were not hungry.

You visited 1 branch of the dungeon, and saw 5 of its levels.

You collected 141 gold pieces.

Inventory:

Hand Weapons
 a - a +0 war axe (weapon)
Armour
 b - a +0 scale mail (worn)
 c - a +0 shield (worn)
Scrolls
 e - 3 scrolls of remove curse {unknown}
 g - 2 scrolls of blinking {unknown}
 h - 3 scrolls of identify {unknown}
 j - 2 scrolls of immolation {unknown}
 k - a scroll of enchant weapon {unknown}
 o - 2 scrolls of amnesia {unknown}
Potions
 d - a potion of might
 i - a potion of curing {unknown}
 l - a potion of resistance {unknown}
 m - 3 potions of flight {unknown}
Comestibles
 f - 3 rations
 n - 3 chunks of flesh


   Skills:
 + Level 5.5 Fighting
 + Level 5.3 Axes
 - Level 3.2 Armour
 - Level 3.2 Shields


You had 4 spell levels left.
You didn't know any spells.
Your spell library was empty.

Dungeon Overview and Level Annotations

Branches:
Dungeon (5/15)
 Temple: D:4-7

Altars:
Nemelex Xobeh
Trog

Annotations:
D:4 Edmund


Message History

You block the centaur's attack. The centaur barely misses you.
You block the centaur's attack.
Your shield prevents you from hitting the centaur.
The centaur is moderately wounded.
The centaur hits you!
* * * LOW HITPOINT WARNING * * *
You hit the centaur.
The centaur is heavily wounded.
The centaur hits you but does no damage.
The centaur hits you.
* * * LOW HITPOINT WARNING * * *
You hit the centaur.
The centaur is severely wounded.
The centaur hits you.
* * * LOW HITPOINT WARNING * * *
You block the centaur's attack.
You barely miss the centaur.
The centaur is severely wounded.
The centaur hits you.
You die...

...........#.....#
....#.._.........##
...##.............#
...
#.............## ..
###............##
##.........(..#
.........(...##
#..............#
........@.......#
......c..........
.....o............
...............##.
.................
.$...............
...........#....
........######.


You could see a centaur and an orc.

Vanquished Creatures
  A hound (D:5)
  2 worker ants
  4 adders
  An ooze (D:2)
  A dart slug (D:1)
  2 leopard geckos
  3 bats
  3 goblins
  A hobgoblin (D:1)
  3 kobolds (D:1)
  A frilled lizard (D:1)
  2 rats
24 creatures vanquished.

Vanquished Creatures (others)
  An adder (D:4)
1 creature vanquished.

Grand Total: 25 creatures vanquished

Notes
Turn   | Place    | Note
-------+----------+-------------------------------------------
     0 | D:1      | Gergoth the Hill Orc Fighter began the quest for the Orb.
     0 | D:1      | Reached XP level 1. HP: 19/19 MP: 1/1
   120 | D:1      | Reached XP level 2. HP: 26/27 MP: 2/2
   227 | D:2      | Reached XP level 3. HP: 27/34 MP: 3/3
   730 | D:4      | Reached skill level 5 in Fighting
   730 | D:4      | Reached XP level 4. HP: 23/42 MP: 4/4
  1000 | D:4      | Found a bloodstained altar of Trog.
  1033 | D:4      | Noticed Edmund
  1209 | D:5      | Entered Level 5 of the Dungeon
  1209 | D:5      | Found a sparkling altar of Nemelex Xobeh.
  1223 | D:5      | Reached skill level 5 in Axes
  1223 | D:5      | Reached XP level 5. HP: 45/48 MP: 5/5
  1238 | D:5      | Noticed a centaur
  1249 | D:5      | HP: 2/48 [centaur (6)]
  1250 | D:5      | Slain by a centaur

Skill      XL: |  1  2  3  4 |
---------------+-------------+-----
Axes           | 3 4 5 |  5.3
Fighting       | 4 5 |  5.5
Armour         | |  3.2
Shields        | |  3.2

Action                   |  1- 3 |  4- 6 || total
-------------------------+-------+-------++-------
Melee: War axe           |    69 |    41 ||   110
  Eat: Chunk             |       |     1 ||     1
Armor: Scale mail        |    31 |    12 ||    43
Dodge: Dodged            |    21 |    11 ||    32
Block: Shield            |    46 |    25 ||    71
